TOP OF THE 1ST |
Trenton Stars batting - Pitching for Waba Ducks : RHP Miguel Guerrero
|
Pitching: RHP Miguel Guerrero
|
|
Batting: LHB Felipe Guerrero
|
0-0: Ball 1-0: Ball 2-0: Ground out 6-3 (Groundball, 6)
|
Batting: RHB Chris Cole
|
0-0: Fly out, F7 (Flyball, 7D)
|
Batting: RHB Salvador Gonzáles
|
0-0: Ball 1-0: Called Strike 1-1: Ground out 4-3 (Groundball, 34)
|
Top of the 1st over - 0 run(s), 0 hit(s), 0 error(s), 0 left on base; Trenton 0 - Waba 0 |
BOTTOM OF THE 1ST |
Waba Ducks batting - Pitching for Trenton Stars : RHP Juan Vázquez
|
Pitching: RHP Juan Vázquez
|
|
Batting: LHB Javier Orozco
|
0-0: Ball 1-0: Foul Ball, location: 2F 1-1: Ball 2-1: Called Strike 2-2: Fly out, F8 (Flyball, 89D)
|
Batting: RHB Don Keating
|
0-0: Foul Ball, location: 2F 0-1: Ground out 5-3 (Groundball, 56S)
|
Batting: SHB Cisco Álvarez
|
0-0: Ball 1-0: DOUBLE (Line Drive, 89M)
|
Batting: RHB Chris Osborn
|
0-0: Foul Ball, location: 2F 0-1: DOUBLE (Flyball, 7D) Cisco Álvarez scores
|
Batting: RHB Ed Small
|
0-0: Ball 1-0: Ball 2-0: Foul Ball, location: 2F 2-1: Foul Ball, location: 2F 2-2: Foul Ball, location: 2F 2-2: Ball 3-2: Base on Balls
|
Batting: RHB Pedro Molina
|
0-0: Called Strike 0-1: Ball 1-1: SINGLE (Line Drive, 6M) Chris Osborn to third Ed Small to second Runner from 3rd tries for Home, SAFE, no throw or cutoff
|
Batting: RHB Ángelo García
|
0-0: Ball 1-0: Called Strike 1-1: Ball 2-1: Ball 3-1: Fielders Choice at 2nd, U4 (Groundball, 4M)
|
Bottom of the 1st over - 2 run(s), 3 hit(s), 0 error(s), 2 left on base; Trenton 0 - Waba 2 |
TOP OF THE 2ND |
Trenton Stars batting - Pitching for Waba Ducks : RHP Miguel Guerrero
|
Batting: LHB Alonzo Medine
|
0-0: Ball 1-0: Called Strike 1-1: SINGLE (Line Drive, 34D)
|
Batting: LHB Alberto Gómez
|
0-0: Called Strike 0-1: Swinging Strike 0-2: Ball 1-2: Fly out, F8 (Flyball, 8LM)
|
Batting: LHB Ju-wei Shiu
|
0-0: Called Strike 0-1: Grounds into double play, U3-6 (Groundball, 3L)
|
Top of the 2nd over - 0 run(s), 1 hit(s), 0 error(s), 0 left on base; Trenton 0 - Waba 2 |
BOTTOM OF THE 2ND |
Waba Ducks batting - Pitching for Trenton Stars : RHP Juan Vázquez
|
Batting: RHB Tokuhei Kobayashi
|
0-0: Swinging Strike 0-1: Ground out 5-3 (Groundball, 56)
|
Batting: RHB Ramón Torres
|
0-0: Foul Ball, location: 2F 0-1: Fly out, F8 (Flyball, 8LD)
|
Batting: LHB Javier Orozco
|
0-0: Ball 1-0: Ball 2-0: Ball 3-0: Called Strike 3-1: Base on Balls
|
Batting: RHB Don Keating
|
0-0: Foul Ball, location: 2F 0-1: Called Strike 0-2: Ball 1-2: Foul Ball, location: 2F 1-2: SINGLE (Groundball, 6MD) Javier Orozco to second
|
Batting: SHB Cisco Álvarez
|
0-0: Fielders Choice at 2nd, 5-4 (Groundball, 5)
|
Bottom of the 2nd over - 0 run(s), 1 hit(s), 0 error(s), 1 left on base; Trenton 0 - Waba 2 |
TOP OF THE 3RD |
Trenton Stars batting - Pitching for Waba Ducks : RHP Miguel Guerrero
|
Batting: RHB Rafael Canales
|
0-0: Ball 1-0: Ball 2-0: Ball 3-0: Called Strike 3-1: Base on Balls
|
Batting: RHB Nick Bowman
|
0-0: Ball 1-0: Called Strike 1-1: SINGLE (Line Drive, 56) Rafael Canales to second
|
Batting: SHB Rafael Villa
|
0-0: SINGLE (Line Drive, 34) Rafael Canales to third Nick Bowman to second
|
Batting: LHB Felipe Guerrero
|
0-0: Called Strike 0-1: Called Strike 0-2: Ball 1-2: SINGLE (Groundball, 2L) (infield hit) Rafael Canales scores Nick Bowman to third Rafael Villa to second
|
Batting: RHB Chris Cole
|
0-0: SINGLE (Line Drive, 8LS) Nick Bowman scores Rafael Villa to third Felipe Guerrero to second
|
Batting: RHB Salvador Gonzáles
|
0-0: Foul Ball, location: 2F 0-1: Ball 1-1: Ball 2-1: Called Strike 2-2: Fly out, F9 (Flyball, 89D) Runner from 3rd tags up, SCORES, no throw Felipe Guerrero to third
|
Batting: LHB Alonzo Medine
|
0-0: Called Strike 0-1: Fly out, F7 (Flyball, 78S)
|
Batting: LHB Alberto Gómez
|
0-0: Ball 1-0: Fly out, F6 (Line Drive, 6M)
|
Top of the 3rd over - 3 run(s), 4 hit(s), 0 error(s), 2 left on base; Trenton 3 - Waba 2 |
BOTTOM OF THE 3RD |
Waba Ducks batting - Pitching for Trenton Stars : RHP Juan Vázquez
|
Batting: RHB Chris Osborn
|
0-0: Ball 1-0: Called Strike 1-1: Called Strike 1-2: Ball 2-2: Ball 3-2: Foul Ball, location: 2F 3-2: Foul Ball, location: 2F 3-2: Foul Ball, location: 2F 3-2: Ground out 4-3 (Groundball, 4)
|
Batting: RHB Ed Small
|
0-0: Swinging Strike 0-1: Ball 1-1: Ball 2-1: Ball 3-1: Ground out 6-3 (Groundball, 6)
|
Batting: RHB Pedro Molina
|
0-0: Called Strike 0-1: Ball 1-1: Called Strike 1-2: Strikes out swinging
|
Bottom of the 3rd over - 0 run(s), 0 hit(s), 0 error(s), 0 left on base; Trenton 3 - Waba 2 |
TOP OF THE 4TH |
Trenton Stars batting - Pitching for Waba Ducks : RHP Miguel Guerrero
|
Batting: LHB Ju-wei Shiu
|
0-0: Ball 1-0: Fly out, F8 (Flyball, 8LS)
|
Batting: RHB Rafael Canales
|
0-0: SINGLE (Groundball, 56D)
|
Batting: RHB Nick Bowman
|
0-0: Ball 1-0: Ball 2-0: Called Strike 2-1: Foul Ball, location: 2F 2-2: Foul Ball, location: 2F 2-2: Foul Ball, location: 2F 2-2: Ball 3-2: Foul Ball, location: 2F 3-2: Base on Balls Rafael Canales to second
|
Batting: SHB Rafael Villa
|
0-0: Ball 1-0: Foul Ball, location: 2F 1-1: Ball 2-1: Foul Ball, location: 2F 2-2: SINGLE (Flyball, 89M) Rafael Canales to third Nick Bowman to second Runner from 3rd tries for Home, SAFE, throw made home Nick Bowman to third Rafael Villa to second
|
Batting: LHB Felipe Guerrero
|
0-0: Called Strike 0-1: Ball 1-1: Ball 2-1: Ball 3-1: Base on Balls
|
Batting: RHB Chris Cole
|
0-0: Grounds into double play, 4-6-3 (Groundball, 4)
|
Top of the 4th over - 1 run(s), 2 hit(s), 0 error(s), 2 left on base; Trenton 4 - Waba 2 |
BOTTOM OF THE 4TH |
Waba Ducks batting - Pitching for Trenton Stars : RHP Juan Vázquez
|
Batting: RHB Ángelo García
|
0-0: Called Strike 0-1: Foul Ball, location: 2F 0-2: SINGLE (Groundball, 6)
|
Batting: RHB Tokuhei Kobayashi
|
0-0: Swinging Strike 0-1: Ball 1-1: Ball Wild Pitch! Ángelo García to second 2-1: Fly out, F8 (Flyball, 8LD) Runner from 2nd tags up, SAFE at 3rd, no throw
|
Batting: RHB Ramón Torres
|
0-0: Foul Ball, location: 2F 0-1: Foul Ball, location: 2F 0-2: Strikes out swinging
|
Batting: LHB Javier Orozco
|
0-0: Called Strike 0-1: SINGLE (Line Drive, 8RS) Ángelo García scores
|
Batting: RHB Don Keating
|
0-0: Ball 1-0: Ground out 5-3 (Groundball, 5L)
|
Bottom of the 4th over - 1 run(s), 2 hit(s), 0 error(s), 1 left on base; Trenton 4 - Waba 3 |
TOP OF THE 5TH |
Trenton Stars batting - Pitching for Waba Ducks : RHP Miguel Guerrero
|
Batting: RHB Salvador Gonzáles
|
0-0: Swinging Strike 0-1: Ground out 6-3 (Groundball, 6M)
|
Batting: LHB Alonzo Medine
|
0-0: Ball 1-0: Foul Ball, location: 2F 1-1: Swinging Strike 1-2: Strikes out looking
|
Batting: LHB Alberto Gómez
|
0-0: Ball 1-0: Called Strike 1-1: Ball 2-1: Ground out 6-3 (Groundball, 6)
|
Top of the 5th over - 0 run(s), 0 hit(s), 0 error(s), 0 left on base; Trenton 4 - Waba 3 |
BOTTOM OF THE 5TH |
Waba Ducks batting - Pitching for Trenton Stars : RHP Juan Vázquez
|
Batting: SHB Cisco Álvarez
|
0-0: Foul Ball, location: 2F 0-1: Ball 1-1: Called Strike 1-2: Ball 2-2: Foul Ball, location: 2F 2-2: Strikes out looking
|
Batting: RHB Chris Osborn
|
0-0: Ball 1-0: Ball 2-0: Ball 3-0: Base on Balls
|
Pitching: RHP Ki-tong Shiu
|
|
Batting: RHB Ed Small
|
0-0: Ball 1-0: Foul Ball, location: 2F 1-1: Called Strike 1-2: Ball 2-2: Foul Ball, location: 2F 2-2: Ball 3-2: Fly out, F8 (Flyball, 8LXD) Runner from 1st tags up, OUT at 2nd
|
Bottom of the 5th over - 0 run(s), 0 hit(s), 0 error(s), 0 left on base; Trenton 4 - Waba 3 |
TOP OF THE 6TH |
Trenton Stars batting - Pitching for Waba Ducks : RHP Miguel Guerrero
|
Batting: LHB Ju-wei Shiu
|
0-0: Ball 1-0: Called Strike 1-1: Called Strike 1-2: Strikes out swinging
|
Batting: RHB Rafael Canales
|
0-0: Ball 1-0: Foul Ball, location: 2F 1-1: Fly out, F1 (Popup, 15)
|
Batting: RHB Nick Bowman
|
0-0: Ball 1-0: Ground out 6-3 (Groundball, 6)
|
Top of the 6th over - 0 run(s), 0 hit(s), 0 error(s), 0 left on base; Trenton 4 - Waba 3 |
BOTTOM OF THE 6TH |
Waba Ducks batting - Pitching for Trenton Stars : RHP Ki-tong Shiu
|
Pitching: RHP Alfredo Ruíz
|
|
Batting: RHB Pedro Molina
|
0-0: Ball 1-0: Foul Ball, location: 2F 1-1: Ball 2-1: Swinging Strike 2-2: SINGLE (Flyball, 8LS)
|
Pitching: RHP Jonathan Booker
|
|
Batting: RHB Ángelo García
|
0-0: Foul Ball, location: 2F 0-1: Ball 1-1: Ball 2-1: Foul Ball, location: 2F 2-2: Strikes out looking
|
Pitching: LHP Luis Guevara
|
|
Batting: RHB Tokuhei Kobayashi
|
0-0: Ball 1-0: Foul Ball, location: 2F 1-1: SINGLE (Groundball, 56D) Pedro Molina to second
|
Pitching: LHP Michael Puckett
|
|
Batting: RHB Ramón Torres
|
0-0: Ball 1-0: SINGLE (Groundball, 5L) Pedro Molina to third Tokuhei Kobayashi to second
|
Pitching: RHP Gilberto Martínez
|
|
Batting: LHB Javier Orozco
|
0-0: Ball 1-0: Grounds into double play, 4-6-3 (Groundball, 4)
|
Bottom of the 6th over - 0 run(s), 3 hit(s), 0 error(s), 2 left on base; Trenton 4 - Waba 3 |
TOP OF THE 7TH |
Trenton Stars batting - Pitching for Waba Ducks : RHP Miguel Guerrero
|
Pitching: RHP Jared Cameron
|
|
Batting: SHB Rafael Villa
|
0-0: Foul Ball, location: 2F 0-1: SINGLE (Line Drive, 6MD)
|
Batting: LHB Felipe Guerrero
|
0-0: Sac Bunt - play at first, batter OUT! 5-4 Rafael Villa to second
|
Batting: RHB Chris Cole
|
0-0: Ball 1-0: Called Strike 1-1: Ball 2-1: Foul Ball, location: 2F 2-2: Ground out 4-3 (Groundball, 34) Rafael Villa to third
|
Batting: RHB Salvador Gonzáles
|
0-0: Foul Ball, location: 2F 0-1: Swinging Strike 0-2: Ball 1-2: Strikes out swinging
|
Top of the 7th over - 0 run(s), 1 hit(s), 0 error(s), 1 left on base; Trenton 4 - Waba 3 |
BOTTOM OF THE 7TH |
Waba Ducks batting - Pitching for Trenton Stars : RHP Gilberto Martínez
|
Batting: RHB Don Keating
|
0-0: Called Strike 0-1: Swinging Strike 0-2: Ball 1-2: Foul Ball, location: 2F 1-2: Ball 2-2: Foul Ball, location: 2F 2-2: Foul Ball, location: 2F 2-2: Ball 3-2: Ground out 5-3 (Groundball, 5)
|
Batting: SHB Cisco Álvarez
|
0-0: Ball 1-0: Foul Ball, location: 2F 1-1: Ball 2-1: SINGLE (Flyball, 7LS)
|
Batting: RHB Chris Osborn
|
0-0: Ball 1-0: Foul Ball, location: 2F 1-1: Called Strike 1-2: Ball 2-2: Ball 3-2: DOUBLE (Groundball, 5L) Cisco Álvarez to third
|
Batting: RHB Ed Small
|
0-0: Ball 1-0: Called Strike 1-1: Ball 2-1: Foul Ball, location: 2F 2-2: Ball 3-2: Foul Ball, location: 2F 3-2: Base on Balls
|
Batting: RHB Pedro Molina
|
0-0: Ball 1-0: Ball 2-0: Ball 3-0: Base on Balls Cisco Álvarez scores Chris Osborn to third Ed Small to second
|
Batting: RHB Ángelo García
|
0-0: Ball 1-0: Ball 2-0: Ball 3-0: Base on Balls Chris Osborn scores Ed Small to third Pedro Molina to second
|
Batting: RHB Tokuhei Kobayashi
|
0-0: Foul Ball, location: 2F 0-1: Ball 1-1: Fly out, F7 (Line Drive, 7M) Runner from 3rd tags up, SCORES, throw made
|
Batting: RHB Ramón Torres
|
0-0: Called Strike 0-1: Ball 1-1: Ball Passed Ball! Pedro Molina to third Ángelo García to second 2-1: Ball 3-1: Fly out, F9 (Line Drive, 9S)
|
Bottom of the 7th over - 3 run(s), 2 hit(s), 0 error(s), 2 left on base; Trenton 4 - Waba 6 |
TOP OF THE 8TH |
Trenton Stars batting - Pitching for Waba Ducks : RHP Jared Cameron
|
Batting: LHB Alonzo Medine
|
0-0: Called Strike 0-1: Ground out 3-1 (Groundball, 34S)
|
Batting: LHB Alberto Gómez
|
0-0: Called Strike 0-1: Ball 1-1: Ball 2-1: Swinging Strike 2-2: Strikes out swinging
|
Batting: LHB Ju-wei Shiu
|
0-0: Ball 1-0: Ground out 4-3 (Groundball, 4)
|
Top of the 8th over - 0 run(s), 0 hit(s), 0 error(s), 0 left on base; Trenton 4 - Waba 6 |
BOTTOM OF THE 8TH |
Waba Ducks batting - Pitching for Trenton Stars : RHP Gilberto Martínez
|
Batting: LHB Javier Orozco
|
0-0: Ground out U3 (Groundball, 3)
|
Batting: RHB Don Keating
|
0-0: Ball 1-0: Called Strike 1-1: SINGLE (Line Drive, 9S)
|
Batting: SHB Cisco Álvarez
|
0-0: Ball Don Keating steals 2nd base 1-0: Ball 2-0: Ball 3-0: Called Strike 3-1: Base on Balls
|
Batting: RHB Chris Osborn
|
0-0: SINGLE (Line Drive, 7LS) Don Keating to third Cisco Álvarez to second Runner from 3rd tries for Home, SAFE, no throw or cutoff
|
Batting: RHB Ed Small
|
0-0: Fly out, F8 (Flyball, 8LS)
|
Batting: RHB Pedro Molina
|
0-0: Ball 1-0: Ball 2-0: Ball 3-0: Called Strike 3-1: Called Strike 3-2: Fly out, F7 (Flyball, 7M)
|
Bottom of the 8th over - 1 run(s), 2 hit(s), 0 error(s), 2 left on base; Trenton 4 - Waba 7 |
TOP OF THE 9TH |
Trenton Stars batting - Pitching for Waba Ducks : RHP Jared Cameron
|
Pitching: RHP José Rivera
|
|
Batting: RHB Rafael Canales
|
0-0: Ball 1-0: Called Strike 1-1: Ball 2-1: Foul Ball, location: 2F 2-2: Strikes out swinging
|
Batting: RHB Nick Bowman
|
0-0: Ball 1-0: Foul Ball, location: 2F 1-1: Foul Ball, location: 2F 1-2: Strikes out swinging
|
Batting: SHB Rafael Villa
|
0-0: Called Strike 0-1: Foul Ball, location: 2F 0-2: SINGLE (Line Drive, 78M)
|
Batting: LHB Felipe Guerrero
|
0-0: Foul Ball, location: 2F 0-1: Called Strike 0-2: SINGLE (Line Drive, 56) Rafael Villa to second
|
Batting: RHB Chris Cole
|
0-0: Ball 1-0: Called Strike 1-1: Fly out, F4 (Popup, 4D)
|
Top of the 9th over - 0 run(s), 2 hit(s), 0 error(s), 2 left on base; Trenton 4 - Waba 7 |
|